 Dungeon Crawl Stone Soup version 0.28-a0-691-gad6df49e81 (webtiles) character file.

Game seed: 14362075298950499534

206 ytrimaz the Chopper (level 6, -5/48 HPs)
             Began as a Formicid Fighter on Oct 22, 2021.
             Slain by an ogre (21 damage)
             ... on level 4 of the Dungeon.
             The game lasted 00:04:38 (3108 turns).

ytrimaz the Chopper (Formicid Fighter)              Turns: 3108, Time: 00:04:39

Health: -5/48      AC:  8    Str: 22      XL:     6   Next: 10%
Magic:  6/6        EV:  6    Int:  7 (8)  God:
Gold:   74         SH:  4    Dex: 10      Spells: 5/5 levels left

rFire   + . .      SeeInvis +   a - +0 war axe
rCold   . . .      Faith    .   c - +0 buckler
rNeg    . . .      Spirit   .   b - +0 scale mail
rPois   .          Reflect  .   (helmet unavailable)
rElec   +          Harm     .   (no cloak)
rCorr   .          Rampage  .   (no gloves)
Will    .....                   j - +0 pair of boots
Stlth   ..........              (no amulet)
HPRegen 0.16/turn               (no ring)
MPRegen 0.10/turn               (no ring)

@: flying, constricted
A: permanent stasis, dig shafts and tunnels, antennae 3, four strong arms,
deterioration 1, fire resistance 1, sense surroundings 1, electricity
resistance, wild magic 1, MP-powered wands
a: Dig, Shaft Self


You were on level 4 of the Dungeon.
You visited 1 branch of the dungeon, and saw 4 of its levels.

You collected 88 gold pieces.
You spent 14 gold pieces at shops.

Inventory:

Hand Weapons
 a - a +0 war axe (weapon)
Armour
 b - a +0 scale mail (worn)
 c - a +0 buckler (worn)
 j - a +0 pair of boots (worn)
Jewellery
 m - a ring of wizardry
Wands
 l - a wand of digging (7)
Scrolls
 g - 6 scrolls of identify {unknown}
 h - 3 scrolls of teleportation {unknown}
 i - a scroll of summoning {unknown}
 k - a scroll of blinking {unknown}
 n - 2 scrolls of vulnerability {unknown}
 o - a scroll of magic mapping {unknown}


   Skills:
 + Level 3.9 Fighting
 * Level 4.9 Axes
 + Level 4.1 Armour
 - Level 3.7 Shields


You had 5 spell levels left.
You didn't know any spells.
Your spell library contained the following spells:

 Spells                   Type           Power      Damage    Failure   Level
 Ensorcelled Hibernation  Hex/Ice        0%         N/A       91%         2
 Passwall                 Tmut/Erth      0%         N/A       91%         2
 Tukima's Dance           Hex            0%         N/A       99%         3
 Invisibility             Hex            0%         N/A       100%        6
 Chain Lightning          Conj/Air       0%         N/A       100%        9
 Fire Storm               Conj/Fire      0%         5d1       100%        9
 Shatter                  Erth           0%         3d5*      100%        9
 Swiftness                Air            Unusable   N/A       N/A         3

Dungeon Overview and Level Annotations

Branches:
Dungeon (4/15)
 Temple: D:4-7

Altars:
Elyvilon

Shops:
D:3 [!:=


Innate Abilities, Weirdness & Mutations

You cannot be hasted, slowed, berserked, paralysed or teleported.
You can dig through walls and to a lower floor.
You have a pair of large antennae on your head. (SInv)
Your four strong arms can wield two-handed weapons with a shield.
Your body sometimes deteriorates upon taking damage.
Your flesh is heat resistant. (rF+)
You passively map a small area around you.
You are resistant to electric shocks. (rElec)
Your spells are a little harder to cast, but a little more powerful.
You expend magic power (3 MP) to strengthen your wands.


Message History

You have reached level 6!
Your experience leads to an increase in your attributes!
Increase (S)trength, (I)ntelligence, or (D)exterity?
You feel stronger.
The ogre shouts!
The ball python hisses angrily.
There are monsters nearby!
Found 23 sling bullets.
It was a potion of flight.
You feel very buoyant.
You fly up into the air.
Okay, then.
It was a potion of curing.
You feel better. The ogre completely misses you.
You barely miss the ogre. You barely miss the ball python.
The ball python closely misses you. You block the ball python's attack.
The ogre hits you with a +0 giant club!!
Your body deteriorates!
You feel dopey.
You hit the ogre.
The ogre is lightly wounded.
You closely miss the ball python. You block the ball python's attack.
The ball python grabs you. The ball python constricts you.
The ogre hits you with a +0 giant club.
The ball python bites you but does no damage.
The ball python constricts you.
You hit the ogre.
The ogre is lightly wounded.
You hit the ball python.
The ball python bites you but does no damage.
The ball python constricts you. The ogre hits you with a +0 giant club!
* * * LOW HITPOINT WARNING * * *
Unknown command.
You escape the ball python's grasp.
You block the ball python's attack. The ball python grabs you.
The ball python constricts you.
You escape the ball python's grasp.
Are you sure you want to shaft yourself?
The ogre closely misses you.
You begin to dig a shaft.
You continue digging a shaft.
The ball python bites you. The ball python grabs you.
You stop digging.
The ball python constricts you.
The ogre hits you with a +0 giant club!!
You die...

** * * ,*#########
.......<# , ,* *
####....# *
#######....+ ,, *
#...#......######
*,#@O.....).....##+#
#.S............... *
##..#....#.........
#.............#.... +
#......#####.##....
.....#.#........#....
.....#..........#....
......##############..
......* * .#


You could see an ogre and a ball python.

Vanquished Creatures
  A hound (D:3)
  A jelly (D:4)
  Jessica (D:2)
  A hound skeleton (D:4)
  A gnoll (D:1)
  5 adders
  2 dart slugs (D:1)
  5 ball pythons
  7 bats
  4 endoplasms
  3 giant cockroaches
  7 goblins
  A hobgoblin (D:4)
  2 jackals (D:1)
  7 kobolds
  A quokka (D:1)
  2 frilled lizards
  5 rats
56 creatures vanquished.

Vanquished Creatures (others)
  A bat (D:1)
  A plant (D:1)
2 creatures vanquished.

Grand Total: 58 creatures vanquished

Notes
Turn   | Place    | Note
-------+----------+-------------------------------------------
     0 | D:1      | ytrimaz the Formicid Fighter began the quest for the Orb.
     0 | D:1      | Reached XP level 1. HP: 18/18 MP: 1/1
   318 | D:1      | Reached XP level 2. HP: 24/24 MP: 2/2
   570 | D:1      | Found a faded altar of an unknown god.
   591 | D:1      | Reached XP level 3. HP: 27/29 MP: 3/3
  1012 | D:2      | Reached XP level 4. HP: 36/36 MP: 4/4
  1412 | D:2      | Noticed Jessica
  1417 | D:2      | Killed Jessica
  1418 | D:2      | Reached XP level 5. HP: 42/42 MP: 5/5
  1765 | D:3      | Found Keqap's Distillery.
  1787 | D:3      | Bought a potion of degeneration for 14 gold pieces
  1792 | D:3      | Found a white marble altar of Elyvilon.
  1955 | D:3      | Found Avul's Book Boutique.
  2036 | D:3      | Found Dyoteur's Jewellery Shop.
  2211 | D:3      | Found Dozayv's Antique Armour Shop.
  2513 | D:4      | Noticed an ogre
  2519 | D:4      | Gained mutation: Your body sometimes deteriorates upon
                  | taking damage. [potion of mutation]
  2519 | D:4      | Gained mutation: You are clumsy. (Dex -2) [potion of
                  | mutation]
  2519 | D:4      | Gained mutation: You expend magic power (3 MP) to
                  | strengthen your wands. [potion of mutation]
  2519 | D:4      | Gained mutation: Your spells are a little harder to cast,
                  | but a little more powerful. [potion of mutation]
  2987 | D:3      | Lost mutation: You are clumsy. (Dex -2) [potion of
                  | mutation]
  2987 | D:3      | Gained mutation: You are resistant to electric shocks.
                  | (rElec) [potion of mutation]
  2987 | D:3      | Gained mutation: You passively map a small area around you.
                  | [potion of mutation]
  2987 | D:3      | Gained mutation: Your flesh is heat resistant. (rF+)
                  | [potion of mutation]
  3071 | D:4      | Reached XP level 6. HP: 45/48 MP: 6/6
  3108 | D:4      | Slain by an ogre

Illustrated notes

Levels and vault maps discovered:
D:1:      tarquinn_simple_flora_water_e, layout_rooms,
          shapermc_ecumenical_altar_acropolis, lemuel_old_faithful
D:2:      layout_basic, uniq_jessica
D:3:      layout_loops_ring, mainiacjoe_overflow_brackets, serial_shops, shop,
          nicolae_shop_trees, nicolae_shop_stone, nicolae_shop_stone
D:4:      minmay_thinvault, layout_basic, mainiacjoe_overflow_alcove_4

Skill      XL: |  1  2  3  4  5 |
---------------+----------------+-----
Axes           | 3 4 |  4.9
Armour         | 4 |  4.1
Fighting       | |  3.9
Shields        | |  3.7

Action                   |  1- 3 |  4- 6 || total
-------------------------+-------+-------++-------
Melee: War axe           |    84 |    92 ||   176
 Abil: Dig               |       |     1 ||     1
       Shaft Self        |       |     1 ||     1
  Use: Potion            |     1 |     4 ||     5
Armor: Scale mail        |    46 |    46 ||    92
Dodge: Dodged            |    34 |    45 ||    79
Block: Buckler           |    31 |    27 ||    58

Table legend: (Time is in decaauts)
 A = Elapsed time spent in this place.
 B = Non-inter-level travel time spent in this place.
 C = Inter-level travel time spent in this place.
 D = Time resting spent in this place.
 E = Time spent auto-exploring this place.
 F = Levels seen in this place.
 G = Mean time per level.
                   A        B        C        D        E       F      G
               +--------+--------+--------+--------+--------+-----+--------+
         Total |   3168 |   3057 |    111 |    438 |   2078 |   4 |  792.0 |
       Dungeon |   3168 |   3057 |    111 |    438 |   2078 |   4 |  792.0 |
               +--------+--------+--------+--------+--------+-----+--------+

Top non-repeatable levels by time:
     D:3: 1199 daAuts
     D:1: 977 daAuts
     D:2: 819 daAuts
     D:4: 171 daAuts
